[Event "21st IPCA World Championship 2022"]
[Site "Ashdod"]
[Date "2022.05.12"]
[Round "4.12"]
[White "Freiberg, Doron"]
[Black "Volodarsky, Michael"]
[Result "1-0"]
[ECO "A32"]
[WhiteElo "1244"]
[BlackElo "1400"]
[Annotator "NA RC COMBH"]
[PlyCount "30"]
[EventDate "2022.05.09"]
[EventType "swiss"]
[EventCountry "ISR"]
[SourceTitle "playchess.com"]
[Source "ChessBase"]
[SourceQuality "1"]
[TimeControl "5400+30"]

1. d4 d5 2. Nf3 Nf6 3. g3 e6 4. Bg2 c5 5. c4 cxd4 6. cxd5 Nxd5 7. Nxd4 Bb4+ 8. Bd2 Bxd2+ 9. Qxd2 O-O 10. O-O Qf6 11. e4 Nb6 12. Nb5 Qe5 13. N1c3 Na6 14. Qe3 Bd7 15. f4 Nc4 1-0